Map: Pillars of Gold LE

Players

liquidthermy (uThermal) - Winner!

  • Race: Terran Terran
  • Spawn Location: 1:00

GunGFuBanDa

  • Race: Protoss Protoss
  • League: Master
  • Spawn Location: 7:00

Event: StayAtHomestory Cup #2

VOD

Have the link to the VOD?

Description

Time

  • Played on: June 11, 2020, 1:59 p.m.
  • Length: 4:28

All games in this series

Show
View Real Time Build Order
Export as new Build Order

liquidthermy Terran - Winner!

Build Orders:  

Get SALT Encoding   

  12  0:01  SCV  
  13  0:14  SCV  
  14  0:18  Supply Depot  
  14  0:26  SCV  
  15  0:39  SCV  
  15  0:41  Barracks  
  16  0:45  Refinery  
  16  0:51  SCV  
  17  1:04  SCV  
  18  1:16  SCV  
  19  1:29  Marine, Orbital Command  
  20  1:45  Command Center  
  20  1:55  SCV  
  21  2:03  Factory  
  21  2:05  Barracks Reactor  
  21  2:07  SCV  
  22  2:14  Supply Depot  
  22  2:19  SCV  
  23  2:25  Refinery  
  23  2:35  SCV  
  24  2:47  SCV, Starport  
  25  2:52  Hellion x2  
  25  2:57  Orbital Command  
  29  2:59  SCV  
  30  3:12  SCV  
  31  3:13  Hellion  
  31  3:14  Hellion  
  31  3:16  Barracks Tech Lab  
  35  3:23  Medivac  
  35  3:25  SCV  
  35  3:26  SCV  
  39  3:33  Supply Depot  
  39  3:37  SCV  
  39  3:38  SCV  
  41  3:44  Cyclone, Marine x2  
  46  3:54  Starport Tech Lab, SCV x2  
  48  3:56  Supply Depot  
  48  4:02  Marine x2  
  50  4:06  SCV x2  
Show
View Real Time Build Order
Export as new Build Order

GunGFuBanDa Protoss 

Build Orders: 1 Gate Expand 

Get SALT Encoding   

  12  0:01  Probe  
  13  0:13  Probe  
  14  0:17  Pylon  
  14  0:22  Probe  
  15  0:31  Probe  
  16  0:37  Gateway  
  16  0:41  Probe  
  16  0:47  Assimilator  
  17  0:53  Probe  
  18  1:05  Probe  
  19  1:17  Probe  
  20  1:25  Cybernetics Core  
  20  1:37  Nexus  
  20  1:39  Probe  
  21  1:47  Pylon  
  21  1:52  Probe  
  22  1:55  Adept, Assimilator  
  22  2:02  Warp Gate  
  24  2:09  Probe  
  25  2:18  Stalker  
  25  2:21  Probe  
  28  2:31  Twilight Council  
  28  2:33  Probe  
  29  2:45  Probe  
  29  2:50  Stalker  
  30  2:54  Probe  
  30  2:57  Probe  
  34  3:02  Probe  
  34  3:08  Gateway  
  34  3:10  Probe x2  
  37  3:22  Probe x2  
  39  3:30  Gateway  
  39  3:33  Probe  
  39  3:34  Probe  
  39  3:39  Pylon  
  41  3:41  Probe  
  41  3:46  Probe  
  43  3:49  Sentry  
  43  3:50  Assimilator  
  43  3:53  Probe  
  46  3:58  Probe  
  46  3:59  Robotics Facility  
  47  4:05  Probe, Pylon  
  48  4:10  Probe  
  48  4:14  Stalker  
  48  4:15  Stalker  
Tags
 
Add a new tag
Caveats
  • Supply blocks, unpowered buildings, or Contaminate may cause inaccurate times.
  • Supply counts are checked every 10 seconds.